 Dungeon Crawl Stone Soup version 0.17-a0-1037-gbf358b4 (webtiles) character file.

1307 inmateoo the Destroyer (level 8, 0/41 HPs)
             Began as a Deep Elf Conjurer on May 14, 2015.
             Succumbed to a killer bee's poison
             ... on level 6 of the Dungeon.
             The game lasted 00:08:36 (5883 turns).

inmateoo the Destroyer (Deep Elf Conjurer)          Turns: 5883, Time: 00:08:36

Health: 0/41       AC:  4    Str:  5      XL:     8   Next: 32%
Magic:  8/19       EV: 14    Int: 23      God:
Gold:   263        SH:  0    Dex: 12 (15) Spells: 5 memorised, 5 levels left

rFire  . . .     SeeInvis .     e - +3 short sword
rCold  . . .     Clarity  .     a - +0 robe
rNeg   . . .     SustAb   .     (no shield)
rPois  .         Gourm    .     l - +0 helmet
rElec  .         Spirit   .     (no cloak)
rCorr  .         Warding  .     k - +0 pair of gloves
rMut   .         Stasis   .     (no boots)
MR     .....                    (no amulet)
Stlth  +++.......               (no ring)
                                (no ring)

@: lethally poisoned (0 -> -14), not resistant to hostile enchantments, fairly
stealthy
A: no striking features
a: no special abilities


You were on level 6 of the Dungeon.
You were not hungry.

You visited 1 branch of the dungeon, and saw 7 of its levels.

You collected 263 gold pieces.

Inventory:

Hand weapons
 e - a +3 short sword (weapon)
Armour
 a - a +0 robe (worn)
 k - a +0 pair of gloves (worn)
 l - a +0 helmet (worn)
 v - a +0 buckler
Magical devices
 g - a wand of polymorph (24)
 w - a wand of teleportation (3)
 y - a wand of frost (28)
Scrolls
 i - 4 scrolls of enchant weapon
 n - a scroll of fear
 p - 4 scrolls of amnesia
 q - 4 scrolls of remove curse
Potions
 d - 2 potions of agility
 f - a potion of haste
 h - 2 potions of degeneration
 j - a potion of resistance {unknown}
 m - 3 potions of lignification {unknown}
 o - a potion of curing {unknown}
 r - a potion of ambrosia {unknown}
 u - 3 potions of cancellation {unknown}
 z - 3 potions of heal wounds {unknown}
Books
 b - a book of Conjurations

   Spells                             Type                      Level
   a - Magic Dart                     Conjuration                  1
   b - Searing Ray                    Conjuration                  2
   c - Dazzling Spray                 Conjuration/Hexes            3
   d - Fulminant Prism                Conjuration/Hexes            4
   e - Iskenderun's Mystic Blast      Conjuration                  4
   f - Iskenderun's Battlesphere      Conjuration/Charms           5
Comestibles
 c - 2 bread rations
 s - 2 meat rations
 t - a slice of pizza
 x - 5 fruits
 A - a chunk of flesh


   Skills:
 + Level 6.0 Dodging
 + Level 6.1 Stealth
 + Level 6.6 Spellcasting
 * Level 8.3 Conjurations


You had 5 spell levels left.
You knew the following spells:

 Your Spells              Type           Power        Failure   Level  Hunger
a - Magic Dart            Conj           ####         1%          1    None
b - Searing Ray           Conj           #####.       1%          2    None
c - Dazzling Spray        Conj/Hex       ####....     6%          3    None
d - Iskenderun's Mystic   Conj           #####...     3%          4    ###....
e - Iskenderun's Battles  Conj/Chrm      ####....     45%         5    #####..


Dungeon Overview and Level Annotations

Branches:
Dungeon (7/15)
 Temple: D:4-7

Altars:
Gozag
Ru
Sif Muna
Yredelemnul
Zin
The Shining One

Shops:
D:5 (

Annotations:
D:3 Grinder


Message History

Unknown command.
The searing ray misses the killer bee.
You feel sick. The killer bee stings you.
* * * LOW HITPOINT WARNING * * *
You are lethally poisoned!
The killer bee poisons you! The killer bee stings you.
* * * LOW HITPOINT WARNING * * *
You are more poisoned.
The killer bee poisons you!
The searing ray hits the killer bee.
The killer bee is severely wounded.
* * * LOW HITPOINT WARNING * * *
You feel sick. The killer bee misses you. The killer bee stings you.
* * * LOW HITPOINT WARNING * * *
Unknown command.
Drink which item? (? for menu, Esc to quit)
It was a potion of degeneration.
There was something very wrong with that liquid.
You feel clumsy.
You die...

#.....#.##.####.#
#.....#.##.####.#####
#.....'..#.##.......#
#.....#..#.####).#..#
#####....#.####.....#
######.##.......#
#....#..##.#
########....##.#
#####..........@...#
#.....#####....y##.#
##.#.#..............#
.#......#...........#
.....##.#...........#
..#..##.............#
.....##.#........#..#
..##....#<..........#
..##......<..#.#....#


You could see a killer bee.

Vanquished Creatures
  3 phantoms
  An ice beast (D:5)
  A necrophage (D:5)
  2 centaurs
  A giant frog (D:6)
  5 crimson imps
  2 giant frog skeletons
  An orc wizard (D:6)
  2 hounds
  5 worker ants
  7 adders
  A gnoll (D:7)
  An ooze (D:2)
  An adder skeleton (D:4)
  6 worms
  4 giant geckos
  8 orcs
  2 ball pythons
  3 bat skeletons (D:6)
  13 goblins
  12 hobgoblins
  9 jackals
  A quokka (D:4)
  9 bats
  A giant cockroach (D:4)
  5 giant newts
  15 kobolds
  10 rats
131 creatures vanquished.

Vanquished Creatures (others)
  A giant frog zombie (D:5)
1 creature vanquished.

Grand Total: 132 creatures vanquished

Notes
Turn   | Place    | Note
--------------------------------------------------------------
     0 | D:1      | inmateoo the Deep Elf Conjurer began the quest for the Orb.
     0 | D:1      | Reached XP level 1. HP: 10/10 MP: 6/6
   224 | D:1      | Reached XP level 2. HP: 15/15 MP: 0/8
   294 | D:1      | Learned a level 2 spell: Searing Ray
   906 | D:2      | Reached XP level 3. HP: 17/19 MP: 6/9
  1205 | D:2      | Reached skill level 5 in Conjurations
  1253 | D:2      | Learned a level 3 spell: Dazzling Spray
  1669 | D:3      | Reached XP level 4. HP: 22/24 MP: 7/11
  1879 | D:3      | Noticed Grinder
  2449 | D:4      | Reached XP level 5. HP: 3/28 MP: 2/13
  2909 | D:4      | Found a basalt altar of Yredelemnul.
  2911 | D:4      | Noticed a profane servitor
  2926 | D:4      | Found a glowing golden altar of the Shining One.
  3007 | D:4      | Found an opulent altar of Gozag.
  3008 | D:4      | Found a glowing silver altar of Zin.
  3064 | D:4      | Found a deep blue altar of Sif Muna.
  3392 | D:4      | Noticed an angel
  3434 | D:5      | Entered Level 5 of the Dungeon
  3434 | D:5      | Noticed a centaur
  3443 | D:5      | Killed a centaur
  3443 | D:5      | Reached skill level 6 in Conjurations
  3443 | D:5      | Reached XP level 6. HP: 9/32 MP: 2/15
  3736 | D:5      | Found Peam's Antique Weapon Emporium.
  3863 | D:5      | Noticed an ice beast
  3868 | D:5      | Killed an ice beast
  3868 | D:5      | Reached skill level 5 in Spellcasting
  3909 | D:5      | Learned a level 4 spell: Iskenderun's Mystic Blast
  3915 | D:5      | Learned a level 5 spell: Iskenderun's Battlesphere
  4003 | D:5      | Noticed a necrophage
  4012 | D:5      | Killed a necrophage
  4012 | D:5      | Reached XP level 7. HP: 21/36 MP: 9/16
  4148 | D:5      | Found a deep blue altar of Sif Muna.
  4435 | D:5      | Noticed a phantom
  4437 | D:5      | Reached skill level 7 in Conjurations
  4443 | D:5      | Reached skill level 5 in Dodging
  4443 | D:5      | Reached skill level 5 in Stealth
  4510 | D:5      | Killed a phantom
  4645 | D:5      | Noticed a phantom
  4663 | D:5      | Killed a phantom
  5037 | D:6      | Found a sacrificial altar of Ru.
  5115 | D:6      | Reached XP level 8. HP: 17/41 MP: 16/19
  5300 | D:6      | Reached skill level 8 in Conjurations
  5882 | D:6      | HP: 2/41 [killer bee (2)]
  5883 | D:6      | Succumbed to a killer bee's poison

Vault maps used:
D:1:      dpeg_arrival_shelter
D:2:      first_bread
D:3:      uniq_grinder
D:4:      grunt_temple_overflow_gold_and_silver, kennysheep_mini_moat,
          grunt_temple_overflow_holy_war
D:5:      lemuel_ice_spiral_2, basic_altar, serial_shops, shop, nrook_uturn
D:6:      nicolae_ru_great_annihilating_truth
D:7:      kennysheep_little_box, minmay_temple_entry_grid, basic_altar,
          nemelex_dance_club_becter, uniq_crazy_yiuf_cottage

Action                   |  1- 3 |  4- 6 |  7- 9 || total
-------------------------+-------+-------+-------++-------
Melee: Short sword       |    10 |    34 |    46 ||    90
 Cast: Magic Dart        |    80 |    57 |    47 ||   184
       Searing Ray       |     1 |    13 |    16 ||    30
       Dazzling Spray    |       |     3 |     1 ||     4
  Use: Scroll            |     6 |     3 |     1 ||    10
       Potion            |       |       |     1 ||     1
 Stab: Sleeping          |       |     1 |     3 ||     4
  Eat: Chunk             |     2 |     3 |     5 ||    10
       Meat ration       |       |     1 |       ||     1
